 Dungeon Crawl Stone Soup version 0.30-a0-639-g3916f1956a (webtiles) character file.

Game seed: 9279542463631110909

235 flotson the Sneak (level 5, -12/42 HPs)
             Began as a Demonspawn Delver on Jan 13, 2023.
             Mangled by an iguana (20 damage)
             ... on level 4 of the Dungeon on Jan 16, 2023.
             The game lasted 00:10:58 (3282 turns).

flotson the Sneak (Demonspawn Delver)               Turns: 3282, Time: 00:10:58

Health: -12/42     AC:  4    Str: 15    XL:     5   Next: 76%
Magic:  5/5        EV: 12    Int: 13    God:
Gold:   133        SH:  0    Dex: 14    Spells: 4/4 levels left

rFire   . . .      SeeInvis .    a - +2 quarterstaff (chaos)
rCold   . . .      Faith    .    (shield currently unavailable)
rNeg    . . .      Spirit   .    w - +0 leather armour
rPois   .          Reflect  .    (no helmet)
rElec   .          Harm     .    t - +0 cloak
rCorr   .          Rampage  .    (no gloves)
Will    .....                    (no boots)
Stlth   +++                      (no amulet)
HPRegen 0.27/turn                (no ring)
MPRegen 0.09/turn                (no ring)

@: no status effects
A: hooves 2, big brain 1
a: no special abilities


You were on level 4 of the Dungeon.
You visited 1 branch of the dungeon, and saw 5 of its levels.

You collected 133 gold pieces.

Inventory:

Hand Weapons
 a - a +2 quarterstaff of chaos (weapon)
 b - a +0 quick blade
 p - a +0 war axe
Missiles
 y - a boomerang (quivered)
Armour
 t - a +0 cloak (worn)
 w - a +0 leather armour (worn)
Jewellery
 l - an amulet of faith
 x - a ring of fire
Wands
 g - a wand of digging (3)
 h - a wand of charming (16)
 q - a wand of flame (14)
Scrolls
 c - 2 scrolls of fog
 d - a scroll of magic mapping
 e - 3 scrolls of fear
 m - a scroll of silence {unknown}
 n - 3 scrolls of noise {unknown}
 o - a scroll of teleportation {unknown}
 s - 5 scrolls of identify {unknown}
 u - a scroll of amnesia {unknown}
 v - a scroll of enchant weapon {unknown}
 A - a scroll of blinking {unknown}
Potions
 f - a potion of haste
 i - a potion of magic {unknown}
 j - 2 potions of resistance
 k - a potion of degeneration {unknown}
 r - 2 potions of cancellation {unknown}
 z - 2 potions of attraction {unknown}


   Skills:
 + Level 4.0 Fighting
 - Level 2.0 Axes
 + Level 0.3 Throwing
 + Level 2.1 Armour
 + Level 2.9 Dodging
 - Level 5.0 Stealth
 + Level 2.2 Evocations


You had 4 spell levels left.
You didn't know any spells.
Your spell library contained the following spells:

 Spells                   Type           Power      Damage    Failure   Level
 Ozocubu's Armour         Ice            0%         N/A       75%         3
 Metabolic Englaciation   Hex/Ice        0%         N/A       100%        5
 Simulacrum               Ice/Necr       0%         N/A       100%        6


Dungeon Overview and Level Annotations

Branches:
Dungeon (5/15)
 Temple: D:4-7

Altars:

Annotations:
D:4 Pikel


Innate Abilities, Weirdness & Mutations

You have hoof-like feet.
You have an unusually large brain. (Int +2)


Message History

Level annotation: Pikel
There is a stone staircase leading up here.
You climb upwards.
There is a stone staircase leading down here.
There is a stone staircase leading down here.
You climb downwards.
Level annotation: Pikel
There is a stone staircase leading up here.
An iguana comes into view.
The iguana closely misses you.
You closely miss the iguana. Your kick misses the iguana.
The iguana barely misses you.
You barely miss the iguana. Your kick misses the iguana.
The iguana closely misses you.
You hit the iguana. You burn the iguana.
The iguana is moderately wounded.
The iguana bites you.
You closely miss the iguana.
The iguana is moderately wounded.
The iguana barely misses you. The iguana bites you!
You hit the iguana.
The iguana seems to grow stronger.
Your kick misses the iguana.
The iguana is moderately wounded.
The iguana hisses menacingly.
The iguana bites you!!
* * * LOW HITPOINT WARNING * * *
You are too injured to fight recklessly!
You are too injured to fight recklessly!
You are too injured to fight recklessly!
You are too injured to fight recklessly!
You are too injured to fight recklessly!
You are too injured to fight recklessly!
You are too injured to fight recklessly!
You are too injured to fight recklessly!
You are too injured to fight recklessly!
You are too injured to fight recklessly!
You hit the iguana.
The iguana suddenly seems more agile.
You kick the iguana.
The iguana is almost dead.
The iguana bites you!!
You die...

##.........### ##.#.#
.#.#............. ...
#.....##...#...........). ...
.......##.##...<........# K...
........#.#.............. #5..
.......#.#.............. .#...#
#....#.#.............. ......#
##...)#.#.............#
.......##....l@................
#...!........................
.###.##......)[................
.............)............#...#
###.......................#..##
......##..................#...
...#.##..................##..
.# #......####.........#####.
#...#...###.....##..#


You could see an iguana (strong, agile).

Vanquished Creatures
  Crazy Yiuf (D:2)
  An orc priest (D:3)
  9 adders
  A gnoll (D:1)
  8 orcs
  7 ball pythons
  5 endoplasms
  4 hobgoblins
  16 jackals
  A quokka (D:2)
  7 bats
  2 frilled lizards
  7 goblins
  7 kobolds
  4 rats
80 creatures vanquished.

Vanquished Creatures (others)
  4 plants (D:1)
4 creatures vanquished.

Grand Total: 84 creatures vanquished

Notes
Turn   | Place    | Note
-------+----------+-------------------------------------------
     0 | D:5      | flotson the Demonspawn Delver began the quest for the Orb.
     0 | D:5      | Reached XP level 1. HP: 18/18 MP: 1/1
    72 | D:5      | Noticed a hound
    75 | D:5      | Upgraded the game from 0.30-a0-632-g346586fe48 to
                  | 0.30-a0-639-g3916f1956a
   264 | D:3      | Gained mutation: You have an unusually large brain. (Int
                  | +2) [demonic ancestry]
   264 | D:3      | Reached XP level 2. HP: 12/24 MP: 2/2
   761 | D:1      | Gained mutation: You have large cloven feet. [demonic
                  | ancestry]
   761 | D:1      | Reached XP level 3. HP: 22/29 MP: 3/3
   769 | D:1      | Reached skill level 1 in Evocations
   874 | D:1      | Found a faded altar of an unknown god.
  1003 | D:1      | Reached skill level 1 in Armour
  1698 | D:2      | Reached XP level 4. HP: 35/35 MP: 4/4
  2094 | D:2      | Found a runed translucent door.
  2095 | D:2      | Noticed Crazy Yiuf
  2104 | D:2      | Killed Crazy Yiuf
  2105 | D:2      | Reached skill level 5 in Stealth
  2254 | D:3      | Gained mutation: You have hoof-like feet. [demonic
                  | ancestry]
  2254 | D:3      | Reached XP level 5. HP: 34/42 MP: 5/5
  2923 | D:4      | Noticed a lemure
  2973 | D:4      | Noticed a lemure
  2977 | D:4      | Noticed a lemure
  3000 | D:4      | Noticed a lemure
  3001 | D:4      | Noticed Pikel
  3282 | D:4      | Mangled by an iguana

Illustrated notes

Levels and vault maps discovered:
D:1:      minmay_arrival_stair_chambers, layout_loops_corners,
          ebering_ecumenical_altar_box, grunt_decor_clamped,
          nicolae_grassy_gnolls
D:2:      layout_basic, basic_altar, uniq_crazy_yiuf_cottage
D:3:      layout_loops_ring, minivault_19
D:4:      minmay_general_purpose_star, layout_cave_pools, serial_shops,
          nicolae_shop_statue_plus, uniq_pikel
D:5:      layout_basic, minitemple, temple_hall, pf_guarded_unrand_delatra

Skill      XL: |  1  2  3  4  5 |
---------------+----------------+-----
Axes           | 2 |  2.0
Dodging        | 2 |  2.9
Evocations     | 1 2 |  2.2
Armour         | 1 2 |  2.1
Stealth        | 5 |  5.0
Fighting       | 4 |  4.0
Throwing       | |  0.3

Action                   |  1- 3 |  4- 6 || total
-------------------------+-------+-------++-------
Melee: Hand axe          |   109 |       ||   109
       Punch             |     2 |       ||     2
       Kick              |    11 |    18 ||    29
       War axe           |     7 |    20 ||    27
       Quarterstaff      |       |    75 ||    75
  Use: Potion            |       |     1 ||     1
 Stab: Sleeping          |     5 |     4 ||     9
       Distracted        |       |     1 ||     1
Armor: Leather armour    |    44 |    30 ||    74
Dodge: Dodged            |   135 |    75 ||   210

Table legend: (Time is in decaauts)
 A = Elapsed time spent in this place.
 B = Non-inter-level travel time spent in this place.
 C = Inter-level travel time spent in this place.
 D = Time resting spent in this place.
 E = Time spent auto-exploring this place.
 F = Levels seen in this place.
 G = Mean time per level.
                   A        B        C        D        E       F      G
               +--------+--------+--------+--------+--------+-----+--------+
         Total |   3319 |   3186 |    133 |     84 |   2305 |   5 |  663.8 |
       Dungeon |   3319 |   3186 |    133 |     84 |   2305 |   5 |  663.8 |
               +--------+--------+--------+--------+--------+-----+--------+

Top non-repeatable levels by time:
     D:1: 1111 daAuts
     D:3: 920 daAuts
     D:2: 800 daAuts
     D:4: 293 daAuts
     D:5: 193 daAuts
